 Dungeon Crawl Stone Soup version 0.22-a0-567-gff9aefc (webtiles) character file.

5320 kae the Frost Mage (level 10, -3/73 HPs)
             Began as a Merfolk Ice Elementalist on June 29, 2018.
             Was an Elder of Okawaru.
             Slain by a two-headed ogre
             ... wielding a +0 giant club
              (16 damage)
             ... on level 10 of the Dungeon.
             The game lasted 00:13:57 (13781 turns).

kae the Frost Mage (Merfolk Ice Elementalist)      Turns: 13781, Time: 00:13:57

Health: -3/73      AC:  6    Str: 12    XL:     10   Next: 64%
Magic:  12/19      EV: 13    Int: 14    God:    Okawaru [****..]
Gold:   523        SH:  0    Dex: 18    Spells: 16/22 levels left

rFire    . . .     SeeInvis .   y - +2 spear (venom)
rCold    . . .     Gourm    .   (no shield)
rNeg     . . .     Faith    .   a - +0 robe
rPois    .         Spirit   .   k - +2 helmet
rElec    .         Reflect  .   D - +0 cloak of Benevolence {Dex+3} (curse)
rCorr    .         Harm     .   (no gloves)
MR       .....                  (no boots)
Stlth    ++........             (no amulet)
HPRegen  0.22/turn              (no ring)
MPRegen  0.16/turn              w - +5 ring of slaying

@: no status effects
A: change form in water, swift swim, stealthy swim
a: Heroism, Renounce Religion


You were on level 10 of the Dungeon.
You worshipped Okawaru.
Okawaru was greatly pleased with you.
You were very hungry.

You visited 2 branches of the dungeon, and saw 11 of its levels.
You also visited: Sewer.

You collected 523 gold pieces.

Inventory:

Hand Weapons
 e - a +0 spear
 y - a +2 spear of venom (weapon)
Armour
 a - a +0 robe (worn)
 k - a +2 helmet (worn)
 u - a +1 cloak
 D - the cursed +0 cloak of Benevolence (worn) {Dex+3}
   (You found it on level 1 of the Lair of Beasts)

   It affects your dexterity (+3).
   It has a curse placed upon it.
Jewellery
 w - a +5 ring of slaying (right hand)
Wands
 j - a wand of random effects (48)
 r - a wand of polymorph (17)
 x - a wand of flame (34)
 z - a wand of digging (11)
 B - a wand of acid (6)
Scrolls
 b - 4 scrolls of teleportation
 l - 3 scrolls of magic mapping {unknown}
 q - a scroll of fog
 t - 4 scrolls of remove curse
Potions
 d - 2 potions of agility
 f - 5 potions of flight
 g - a potion of berserk rage
 h - a potion of heal wounds
 i - 3 potions of degeneration
 m - a potion of might
 n - 4 potions of curing {unknown}
 o - 4 potions of lignification {unknown}
 p - 3 potions of brilliance
 s - a potion of magic {unknown}
 v - 2 potions of haste {unknown}
Comestibles
 c - 18 rations


   Skills:
 + Level 4.6 Fighting
 + Level 9.1 Polearms
 + Level 2.9 Dodging
 - Level 2.1 Stealth
 + Level 6.6 Spellcasting
 - Level 0.7 Conjurations
 * Level 11.2 Ice Magic
 - Level 6.0 Invocations


You had 16 spell levels left.
You knew the following spells:

 Your Spells              Type           Power        Failure   Level  Hunger
a - Freeze                Ice            ####         1%          1    None
b - Throw Frost           Conj/Ice       ###...       1%          2    #......
c - Ozocubu's Armour      Chrm/Ice       ###.....     4%          3    ##.....

Your spell library contained the following spells:

 Spells                   Type           Power        Failure   Level  Hunger
 Magic Dart               Conj           #...         11%         1    None
 Confuse                  Hex            #.......     41%         3    ##.....
 Iskenderun's Mystic Bla  Conj           #.......     73%         4    ####...
 Summon Ice Beast         Ice/Summ       ###.....     14%         4    ####...
 Throw Icicle             Conj/Ice       ###.....     13%         4    ####...
 Confusing Touch          Hex            #.....       16%         1    None
 Metabolic Englaciation   Hex/Ice        ###.......   38%         5    ######.
 Petrify                  Tmut/Erth      #.......     83%         4    ####...
 Fulminant Prism          Conj/Hex       #.........   77%         4    ####...
 Dazzling Spray           Conj/Hex       #.....       36%         3    ##.....
 Force Lance              Conj/Tloc      #.......     77%         4    ####...
 Searing Ray              Conj           #.....       17%         2    #......
 Gell's Gravitas          Tloc           #.........   41%         3    ##.....
 Yara's Violent Unravell  Hex/Tmut       #.........   99%         5    ######.


Dungeon Overview and Level Annotations

Branches:
Dungeon (10/15)            Temple (0/1) D:7            Lair (1/6) D:8
    Orc: D:9-12

Altars:
Ashenzari
Dithmenos
Makhleb
Nemelex Xobeh
Okawaru
Qazlal
Ru
Zin
The Shining One

Annotations:
D:6 1 runed door, galech's ghost, novice OgBe
D:7 Joseph
D:8 exclusion: ugly thing
D:10 3 runed doors, Sonja


Message History

The two-headed ogre misses you.
The two-headed ogre completely misses you.
Casting: Freeze (safe; 1% risk of failure)
Confirm with . or Enter, or press ? or * to list all spells.
Aiming: Freeze (safe; 1% risk of failure)
Press: ? - help, Shift-Dir - straight line, f/p - two-headed ogre
Aim: a two-headed ogre, wielding two giant clubs (heavily wounded)
You freeze the two-headed ogre.
The two-headed ogre is severely wounded.
Casting: Freeze (safe; 1% risk of failure)
Confirm with . or Enter, or press ? or * to list all spells.
Aiming: Freeze (safe; 1% risk of failure)
Press: ? - help, Shift-Dir - straight line, f/p - two-headed ogre
Aim: a two-headed ogre, wielding two giant clubs (severely wounded)
You freeze the two-headed ogre.
The two-headed ogre is severely wounded.
The two-headed ogre hits you with a giant club!!
* * * LOW HITPOINT WARNING * * *
The two-headed ogre hits you with a giant club!
You die...

.#..#. ..# ...#.........#.####.
....## ..###...#.##.....##.#....
.....## ......##..#.....#..'....
...#..### .... #...#.....#..#....
...#....##### ##...#.....#..#....
...#....'...###....#.....#..#....
...+....#..........#.....#..#)...
...###+##.<........# ##.#....
#### #.....#####@..# #.##...
#.###.#...O........ #. +.##
+.....#............ #.
#.....#..##........ #. #######..
#####'##. #.## ... ..# #... ...
... ....### ### .. # #.. #..


You could see a two-headed ogre.

Vanquished Creatures
  A two-headed ogre (D:9)
  A gargoyle (D:8)
  3 yaks (D:9)
  A steam dragon (D:9)
  A water moccasin (D:10)
  2 hell hounds (D:8)
  2 orc warriors
  A black bear (D:8)
  4 ice beasts
  5 ogres
  A centaur (D:6)
  A big kobold (Sewer)
  4 bullfrogs
  A wyvern zombie (D:7)
  A scorpion (D:9)
  5 wights (D:8)
  2 howler monkeys
  2 crimson imps
  3 centaur skeletons
  A bullfrog zombie (D:10)
  A bullfrog skeleton (D:9)
  2 jellies
  8 orc priests
  A gnoll shaman (D:8)
  5 hounds
  14 orc wizards
  2 iguanas (D:4)
  4 worker ants
  A hound skeleton (D:6)
  A worker ant zombie (D:8)
  12 gnolls
  8 adders
  A river rat (Sewer)
  A shadow imp (D:8)
  3 adder skeletons
  5 dart slugs
  3 worms
  9 leopard geckos
  49 orcs
  6 giant cockroaches
  6 goblins
  8 hobgoblins
  16 jackals
  A quokka (D:8)
  A ball python (D:6)
  11 bats
  7 frilled lizards
  9 kobolds
  A leopard gecko skeleton (D:6)
  11 rats
249 creatures vanquished.

Vanquished Creatures (others)
  An adder skeleton (D:8)
1 creature vanquished.

Grand Total: 250 creatures vanquished

Notes
Turn   | Place    | Note
-------+----------+-------------------------------------------
     0 | D:1      | kae the Merfolk Ice Elementalist began the quest for the Orb.
     0 | D:1      | Reached XP level 1. HP: 13/13 MP: 3/3
   489 | D:1      | Reached XP level 2. HP: 18/19 MP: 0/5
   724 | D:1      | Reached skill level 4 in Ice Magic
   879 | D:1      | Reached XP level 3. HP: 24/24 MP: 3/6
   883 | D:1      | Learned a level 2 spell: Throw Frost
   887 | D:1      | Learned a level 3 spell: Ozocubu's Armour
  1418 | D:2      | Found a stormy altar of Qazlal.
  1493 | D:2      | Found a burning altar of Makhleb.
  1493 | D:2      | Found a sacrificial altar of Ru.
  1496 | D:2      | Found an iron altar of Okawaru.
  1501 | D:2      | Became a worshipper of Warmaster Okawaru
  1622 | D:2      | Reached XP level 4. HP: 30/30 MP: 4/8
  1865 | D:2      | Found a sparkling altar of Nemelex Xobeh.
  2125 | D:2      | Reached skill level 1 in Invocations
  2136 | D:2      | Reached skill level 5 in Ice Magic
  2412 | D:3      | Reached XP level 5. HP: 35/35 MP: 6/9
  3233 | D:4      | Reached skill level 1 in Polearms
  3233 | D:4      | Reached XP level 6. HP: 32/41 MP: 0/10
  3322 | D:4      | Reached skill level 6 in Ice Magic
  3390 | D:4      | Found a glowing drain.
  3394 | Sewer    | Entered a sewer
  3673 | Sewer    | Reached * piety under Okawaru
  3783 | Sewer    | Found a white marble altar of Elyvilon.
  4060 | D:4      | Reached XP level 7. HP: 41/46 MP: 8/12
  5065 | D:4      | Reached skill level 7 in Ice Magic
  5189 | D:5      | Entered Level 5 of the Dungeon
  6012 | D:6      | Reached XP level 8. HP: 37/52 MP: 11/14
  6702 | D:6      | Found a runed door.
  6703 | D:6      | Noticed galech's ghost (novice OgBe)
  6803 | D:6      | Found a runed door.
  6905 | D:6      | Reached skill level 5 in Polearms
  7031 | D:6      | Found a shadowy altar of Dithmenos.
  7196 | D:6      | Found a glowing golden altar of the Shining One.
  7393 | D:6      | Reached skill level 8 in Ice Magic
  7430 | D:6      | Reached ** piety under Okawaru
  7544 | D:6      | Found a shattered altar of Ashenzari.
  8221 | D:7      | Noticed Joseph
  8490 | D:7      | Reached skill level 5 in Spellcasting
  8490 | D:7      | Reached skill level 5 in Invocations
  8711 | D:7      | Reached XP level 9. HP: 34/57 MP: 12/16
  9078 | D:7      | Found a staircase to the Ecumenical Temple.
  9120 | D:7      | Reached skill level 9 in Ice Magic
  9935 | D:8      | Reached skill level 1 in Fighting
 10286 | D:8      | HP: 2/61 [orc warrior/short sword (12)]
 10653 | D:8      | Found a staircase to the Lair.
 10901 | D:8      | Reached *** piety under Okawaru
 10930 | D:8      | Found a glowing silver altar of Zin.
 11047 | D:8      | Noticed a red ugly thing
 11047 | D:8      | Noticed a gargoyle
 11071 | D:8      | Killed a gargoyle
 11071 | D:8      | Reached skill level 10 in Ice Magic
 11525 | Lair:1   | Entered Level 1 of the Lair of Beasts
 11529 | Lair:1   | Got a dazzling cloak
 11542 | Lair:1   | Identified the cursed +0 cloak of Benevolence {Dex+3} (You found it on level 1 of the Lair of Beasts)
 11659 | D:9      | Reached XP level 10. HP: 53/70 MP: 15/18
 11872 | D:9      | Found a glowing golden altar of the Shining One.
 12213 | D:9      | Noticed a two-headed ogre
 12223 | D:9      | Killed a two-headed ogre
 12223 | D:9      | Reached **** piety under Okawaru
 12804 | D:9      | Reached skill level 11 in Ice Magic
 13172 | D:10     | Entered Level 10 of the Dungeon
 13631 | D:10     | Noticed Sonja
 13664 | D:10     | Found a runed gate.
 13664 | D:10     | Found a runed gate.
 13664 | D:10     | Found a runed gate.
 13775 | D:10     | Noticed a two-headed ogre
 13781 | D:10     | Slain by a two-headed ogre

Vault maps used:
D:1:      eino_arrival_cavern_a
D:2:      lemuel_coloured_pillars_altar, gammafunk_temple_overflow_forgotten,
          lemuel_doored_altar, first_ration
D:4:      gup_sewer_entry_spiral
D:6:      nicolae_tso_swordbearing_angel, marbit_many_paths,
          grunt_dithmenos_smoke, ebering_ghost_sewer_f,
          minmay_misc_feat_secret_circle, minmay_misc_feat_plants, minivault_25
D:7:      minmay_temple_entry_glass, uniq_joseph
D:8:      minmay_bloctagon_deflated, lemuel_crystal_altar,
          minmay_lair_entry_lava
D:9:      basic_altar
D:10:     gammafunk_ghost_icy, uniq_sonja
Lair:1:   wad_woods_river_01
Sewer:    sewer_kobolds

Skill      XL: |  1  2  3  4  5  6  7  8  9 10 |
---------------+-------------------------------+-----
Ice Magic      | 4 5 6 7 8 10 11 | 11.2
Invocations    | 1 2 3 5 6 |  6.0
Spellcasting   | 3 4 5 6 |  6.6
Polearms       | 1 2 4 6 7 9 |  9.1
Fighting       | 3 4 |  4.6
Dodging        | |  2.9
Stealth        | |  2.1
Conjurations   | |  0.7

Action                   |  1- 3 |  4- 6 |  7- 9 | 10-12 || total
-------------------------+-------+-------+-------+-------++-------
Melee: Unarmed           |     3 |       |       |       ||     3
       Spear             |    40 |    98 |   274 |   125 ||   537
       Punch             |       |       |     2 |       ||     2
 Cast: Freeze            |    46 |    90 |   141 |    21 ||   298
       Throw Frost       |       |    17 |    68 |    18 ||   103
       Ozocubu's Armour  |       |       |     4 |     5 ||     9
Invok: Heroism           |       |       |     7 |       ||     7
  Use: Scroll            |     7 |     3 |     5 |     4 ||    19
       Potion            |       |       |     2 |       ||     2
 Stab: Sleeping          |     6 |     7 |     5 |     1 ||    19
       Distracted        |       |       |       |     2 ||     2
  Eat: Chunk             |     3 |     8 |    26 |     7 ||    44
Armor: Robe              |    11 |    48 |    65 |    16 ||   140
Dodge: Dodged            |    42 |   110 |   151 |    44 ||   347

Table legend:
 A = Spawn XP
 B = Non-spawn XP
 C = Spawn XP percentage of total XP
 D = Spawn monster count
 E = Non-spawn monster count
 F = Spawn count percentage of total count
 G = Total turns spent on level
                    A         B        C        D         E        F      G
               +---------+---------+-------+---------+---------+-------+---------
         Total |       0 |    7600 |   0.0 |       0 |     249 |   0.0 | 13781
               +---------+---------+-------+---------+---------+-------+---------
           D:1 |       0 |      46 |   0.0 |       0 |      25 |   0.0 |  1251
           D:2 |       0 |     102 |   0.0 |       0 |      21 |   0.0 |  1058
           D:3 |       0 |      90 |   0.0 |       0 |      21 |   0.0 |   975
           D:4 |       0 |     650 |   0.0 |       0 |      38 |   0.0 |  1478
           D:5 |       0 |     311 |   0.0 |       0 |       9 |   0.0 |   992
           D:6 |       0 |     852 |   0.0 |       0 |      33 |   0.0 |  1976
           D:7 |       0 |     444 |   0.0 |       0 |      12 |   0.0 |  1475
           D:8 |       0 |    1837 |   0.0 |       0 |      37 |   0.0 |  1912
           D:9 |       0 |    2527 |   0.0 |       0 |      36 |   0.0 |  1609
          D:10 |       0 |     619 |   0.0 |       0 |       6 |   0.0 |   609
         Sewer |       0 |     122 |   0.0 |       0 |      11 |   0.0 |   427
               +---------+---------+-------+---------+---------+-------+---------
